 Dungeon Crawl Stone Soup version 0.31.0-32-g396128a36d (webtiles) character file.

Game seed: 15718026309378114319

2018 PaiMei the Merchant of Misery (level 9, -1/66 (68) HPs)
             Began as a Demonspawn Necromancer on Apr 1, 2024.
             Was a Believer of Kikubaaqudgha.
             Killed by divine providence
             ... invoked by Jeremiah
              (17 damage)
             ... on level 6 of the Dungeon.
             The game lasted 00:09:47 (6431 turns).

PaiMei the Merchant of Misery (DsNe)                Turns: 6431, Time: 00:09:48

HP:   -1/66 (68)    AC:  8    Str: 12    XL:     9   Next: 3%
MP:   17/17         EV: 14    Int: 20    God:    Kikubaaqudgha [**....]
Gold: 197           SH:  0    Dex: 12    Spells: 11/19 levels left

rFire   . . .        f - +0 mace
rCold   . . .        (no shield)
rNeg    . . .        a - +0 robe
rPois   .            (helmet restricted)
rElec   .            (no cloak)
rCorr   .            c - +0 pair of gloves
SInv    .            (no boots)
Will    .....        (no amulet)
Stlth   ++           D - +4 ring of protection
HPRegen 0.31/turn    (no ring)
MPRegen 0.30/turn

%: no passive effects
@: lightly drained
A: horns 2, molten scales 1, demonic guardian 1, magic regeneration, deformed
body, strong 1
a: Renounce Religion, Unearth Wretches


You were on level 6 of the Dungeon.
You worshipped Kikubaaqudgha.
Kikubaaqudgha was pleased with you.
You visited 2 branches of the dungeon, and saw 7 of its levels.
You also visited: Sewer.

You collected 197 gold pieces.

Inventory:

Hand Weapons
 f - a +0 mace (weapon)
Missiles
 q - 14 poisoned darts (quivered)
Armour
 a - a +0 robe (worn)
 c - a +0 pair of gloves (worn)
 d - a +0 buckler
Jewellery
 D - a +4 ring of protection (left hand)
Wands
 u - a wand of light (5)
 F - a wand of mindburst (23)
Scrolls
 g - a scroll of enchant weapon {unknown}
 j - 2 scrolls of immolation {unknown}
 k - a scroll of acquirement {unknown}
 l - a scroll of revelation {unknown}
 m - 7 scrolls of identify {unknown}
 o - 2 scrolls of brand weapon {unknown}
 p - 2 scrolls of teleportation {unknown}
 v - a scroll of torment {unknown}
 w - a scroll of poison {unknown}
 y - 2 scrolls of amnesia {unknown}
 z - 3 scrolls of enchant armour {unknown}
 C - a scroll of vulnerability {unknown}
Potions
 b - 3 potions of magic
 e - 5 potions of mutation
 h - a potion of lignification
 i - 2 potions of brilliance {unknown}
 n - 2 potions of enlightenment {unknown}
 r - 2 potions of curing {unknown}
 s - a potion of degeneration {unknown}
 t - a potion of berserk rage {unknown}
 x - a potion of attraction {unknown}
 A - 3 potions of cancellation {unknown}
 B - 2 potions of heal wounds {unknown}
 E - a potion of haste {unknown}


   Skills:
 + Level 5.5 Fighting
 + Level 5.6 Dodging
 - Level 2.2 Stealth
 + Level 5.7 Spellcasting
 + Level 7.8 Necromancy


You had 11 spell levels left.
You knew the following spells:

 Your Spells              Type           Power      Damage    Failure   Level
a - Necrotise             Necr           100%       1d9       1%          1
b - Vampiric Draining     Necr           37%        2d8       1%          3
c - Animate Dead          Necr           37%        N/A       4%          4

Your spell library contained the following spells:

 Spells                   Type           Power      Damage    Failure   Level
 Kiss of Death            Conj/Necr      84%        2d11      2%          1
 Curse of Agony           Necr           37%        N/A       12%         5
 Gell's Gravitas          Tloc           5%         N/A       32%         3
 Teleport Other           Tloc           5%         N/A       32%         3
 Dispersal                Tloc           2%         N/A       100%        6


Dungeon Overview and Level Annotations

Branches:
Dungeon (6/15)             Temple (1/1) D:4           Sewer (visited)

Altars:
Ashenzari
Gozag
Kikubaaqudgha
Makhleb
Okawaru
Ru
Sif Muna
Trog
Uskayaw
Vehumet
Wu Jian
Xom
Yredelemnul
Lugonu

Annotations:
D:6 Jeremiah


Innate Abilities, Weirdness & Mutations

You have a pair of horns on your head.
You are partially covered in molten scales. (AC +2)
A weak demonic guardian rushes to your aid.
You regenerate magic rapidly.
Armour fits poorly on your strangely shaped body.
Your muscles are strong. (Str +4, Int/Dex -1)


Message History

Your orc wizard skeleton crumbles into dust!
e - 5 potions of mutation (gained 1) Jeremiah shouts!
Jeremiah hops!
Casting: Vampiric Draining (safe; 1% risk of failure)
Confirm with . or Enter, or press ? or * to list all spells.
You can't see any susceptible monsters within range! (Use Z to cast anyway.)
You closely miss the butterfly. Your headbutt misses the butterfly.
You closely miss the butterfly.
The butterfly disappears in a burst of colours!
The butterfly disappears in a burst of colours!
The butterfly disappears in a burst of colours!
There is a stone staircase leading down here.
The butterfly disappears in a burst of colours!
The butterfly disappears in a burst of colours!
There is a burning altar of Makhleb here.
You start waiting.
Jeremiah is nearby!
You start waiting.
Jeremiah is nearby!
Jeremiah wails, "Just end it!
Let me go!"
Jeremiah closely misses you.
You completely miss the butterfly. You headbutt the butterfly.
You kill the butterfly!
The butterfly disappears in a burst of colours!
Jeremiah shouts, "O dreadful one, destroy my foe!"
Something smites you!
Jeremiah throws their arms up pleadingly.
Something smites you!
You miss the butterfly.
Jeremiah hits you from afar with a +4 trident of draining.
You feel drained.
Jeremiah lets out a twisted cry.
Something smites you!
* * * LOW HITPOINT WARNING * * *
Jeremiah shouts, "O dreadful one, destroy my foe!"
Something smites you!
You die...
Jeremiah asks, "Is it over?
Can I wake up now?"
Kikubaaqudgha rasps: "You have failed me!
Welcome... death!"

#.#._.#.##.# #.......##)#
#.# #..###.b##.### #.#
#.. #.b##...# #.# #..
#bb####.# #.. #.. #.b#
#.# #.#### ####..
#bF####.# #.##..
......###bb.bb..####.##.#
#....@.......<....##.#
###########b..........
###......... ##..#######
#.#.# ##Z## ###


You could see Jeremiah.

Vanquished Creatures
  Sigmund (D:6)
  2 black bears
  3 ogres
  A phantom (D:6)
  A bullfrog (Sewer)
  3 scorpions
  A howler monkey (D:4)
  3 bombardier beetles
  4 hounds (D:5)
  2 jellies
  2 orc priests
  10 orc wizards
  3 iguanas
  8 adders
  2 river rats
  4 ufetubi
  2 dart slugs
  11 orcs
  8 bats
  2 endoplasms
  2 giant cockroaches
  3 goblins
  11 hobgoblins
  4 quokkas
  17 ball pythons
  5 frilled lizards
  5 kobolds
  11 rats
131 creatures vanquished.

Vanquished Creatures (collateral kills)
  A centaur (D:5)
  A bullfrog (Sewer)
  An orc wizard (D:4)
  An adder (Sewer)
  A quokka (D:2)
  4 ball pythons (Sewer)
  2 frilled lizards (Sewer)
  8 rats
19 creatures vanquished.

Grand Total: 150 creatures vanquished

Notes
Turn   | Place    | Note
-------+----------+-------------------------------------------
     0 | D:1      | PaiMei the Demonspawn Necromancer began the quest for the
                  | Orb.
     0 | D:1      | Reached XP level 1. HP: 13/13 MP: 3/3
   427 | D:1      | Gained mutation: You are partially covered in molten
                  | scales. (AC +2) [demonic ancestry]
   427 | D:1      | Reached XP level 2. HP: 19/19 MP: 3/5
  1273 | D:2      | Reached XP level 3. HP: 24/24 MP: 4/6
  1277 | D:2      | Learned a level 3 spell: Vampiric Draining
  1429 | D:2      | Found a faded altar of an unknown god.
  1948 | D:2      | Reached XP level 4. HP: 31/31 MP: 4/7
  2153 | D:3      | Reached skill level 1 in Fighting
  2153 | D:3      | Reached skill level 5 in Necromancy
  2258 | D:3      | Found a broken altar of Ashenzari.
  2685 | D:3      | Found a hide-covered altar of Uskayaw.
  3061 | D:4      | Found a staircase to the Ecumenical Temple.
  3074 | Temple   | Entered the Ecumenical Temple
  3169 | D:4      | Gained mutation: A weak demonic guardian rushes to your
                  | aid. [demonic ancestry]
  3169 | D:4      | Reached XP level 5. HP: 38/38 MP: 4/9
  3278 | D:4      | Found an ornate altar of the Wu Jian Council.
  3629 | D:4      | Noticed a black bear
  3635 | D:4      | Killed a black bear
  3636 | D:4      | Gained mutation: You regenerate magic rapidly. [demonic
                  | ancestry]
  3636 | D:4      | Reached XP level 6. HP: 24/46 MP: 0/11
  3837 | D:4      | Found an ancient bone altar of Kikubaaqudgha.
  3916 | D:4      | Found a shimmering blue altar of Sif Muna.
  3939 | D:4      | Found a radiant altar of Vehumet.
  4066 | D:4      | Became a worshipper of Kikubaaqudgha
  4119 | D:5      | Entered Level 5 of the Dungeon
  4220 | D:5      | Reached skill level 6 in Necromancy
  4220 | D:5      | Reached XP level 7. HP: 42/52 MP: 9/13
  4241 | D:5      | Found a glowing drain.
  4254 | Sewer    | Entered a sewer
  4573 | Sewer    | Reached * piety under Kikubaaqudgha
  4573 | Sewer    | Received a gift from Kikubaaqudgha
  4653 | Sewer    | Gained mutation: Your muscles are strong. (Str +4, Int/Dex
                  | -1) [potion of mutation]
  4653 | Sewer    | Gained mutation: Armour fits poorly on your strangely
                  | shaped body. [potion of mutation]
  5319 | D:5      | Gained mutation: You have a pair of small horns on your
                  | head. [demonic ancestry]
  5319 | D:5      | Reached XP level 8. HP: 60/60 MP: 8/14
  5544 | D:5      | Reached skill level 7 in Necromancy
  5781 | D:5      | Learned a level 4 spell: Animate Dead
  5793 | D:6      | Reached skill level 5 in Spellcasting
  5835 | D:6      | Reached skill level 5 in Dodging
  5913 | D:6      | Noticed Sigmund
  5930 | D:6      | Found a burning altar of Makhleb.
  5935 | D:6      | Killed Sigmund
  5936 | D:6      | Reached skill level 5 in Fighting
  5994 | D:6      | Reached ** piety under Kikubaaqudgha
  6203 | D:6      | Noticed Jeremiah
  6271 | D:6      | Gained mutation: You have a pair of horns on your head.
                  | [demonic ancestry]
  6271 | D:6      | Reached XP level 9. HP: 57/68 MP: 17/17
  6431 | D:6      | Killed from afar by Jeremiah

Illustrated notes

Levels and vault maps discovered:
D:1:      noname_arrival_rooms_in_the_neighbourhood, layout_loops_ring,
          patterned_corridor
D:2:      layout_loops_ring, ebering_ecumenical_altar_abandoned
D:3:      layout_loops_ring, mainiacjoe_overflow_boulevard,
          eat_drink_and_be_merry_uskayaw
D:4:      layout_loops_ring, palyth_temple_overflow_mages,
          pdpol_wu_jian_five_deadly_venoms, minmay_temple_entry_ruins
D:5:      layout_rooms, portal_sewer_entry_b
D:6:      minmay_flawed_box, layout_loops_ring,
          mainiacjoe_overflow_tiny_flanked, uniq_blork_the_orc, uniq_jeremiah,
          uniq_sigmund, uniq_menkaure
Temple:   corrupted_temple

Skill      XL: |  1  2  3  4  5  6  7  8 |
---------------+-------------------------+-----
Stealth        | 2 |  2.2
Dodging        | 2 3 4 5 |  5.6
Fighting       | 1 2 3 4 5 |  5.5
Necromancy     | 5 6 7 |  7.8
Spellcasting   | 3 4 5 |  5.7

Action                     |  1- 3 |  4- 6 |  7- 9 || total
---------------------------+-------+-------+-------++-------
  Melee: Unarmed           |    18 |       |       ||    18
         Mace              |    19 |    24 |    70 ||   113
         Punch             |       |       |     1 ||     1
         Headbutt          |       |       |     6 ||     6
   Cast: Necrotise         |    66 |    78 |    78 ||   222
         Vampiric Draining |       |    11 |    41 ||    52
    Use: Potion            |       |       |     2 ||     2
 Armour: Robe              |    41 |    45 |   131 ||   217
         Skin              |       |       |    50 ||    50
  Dodge: Dodged            |    67 |    35 |   163 ||   265
